 Dungeon Crawl Stone Soup version 0.30-a0-778-g2ef04afb54 (webtiles) character file.

Game seed: 11673413446474383849

74 Pimp the Covered (level 4, -5/35 HPs)
             Began as a Demonspawn Fighter on Feb 16, 2023.
             Slain by NinjaNoafa's ghost (11 damage)
             ... on level 3 of the Dungeon.
             The game lasted 00:03:10 (1655 turns).

Pimp the Covered (Demonspawn Fighter)               Turns: 1655, Time: 00:03:11

Health: -5/35      AC:  7    Str: 17    XL:     4   Next: 10%
Magic:  4/4        EV:  9    Int: 13    God:
Gold:   4          SH:  4    Dex: 12    Spells: 3/3 levels left

rFire   . . .      SeeInvis .    a - +0 long sword (flame)
rCold   . . .      Faith    .    c - +0 buckler
rNeg    . . .      Spirit   .    b - +1 scale mail
rPois   .          Reflect  .    (no helmet)
rElec   .          Harm     .    (no cloak)
rCorr   .          Rampage  .    (no gloves)
Will    +....                    (no boots) Stlth
                                 (no amulet)
HPRegen 0.25/turn                g - ring of willpower
MPRegen 0.18/turn                j - ring of flight

@: flying
A: hooves 1, magic regeneration, clever 1
a: no special abilities


You were on level 3 of the Dungeon.
You visited 1 branch of the dungeon, and saw 3 of its levels.

You collected 4 gold pieces.

Inventory:

Hand Weapons
 a - a +0 long sword of flaming (weapon)
Armour
 b - a +1 scale mail (worn)
 c - a +0 buckler (worn)
Jewellery
 g - a ring of willpower (left hand)
 j - a ring of flight (right hand)
Scrolls
 i - a scroll of identify


   Skills:
 + Level 3.2 Fighting
 + Level 2.8 Long Blades
 + Level 3.3 Armour
 + Level 0.5 Dodging
 + Level 3.0 Shields


You had 3 spell levels left.
You didn't know any spells.
Your spell library contained the following spells:

 Spells                   Type           Power      Damage    Failure   Level
 Summon Forest            Summ/Tloc      0%         N/A       100%        5
 Summon Mana Viper        Hex/Summ       0%         N/A       100%        5
 Summon Cactus Giant      Summ           0%         N/A       100%        6


Dungeon Overview and Level Annotations

Branches:
Dungeon (3/15)

Altars:

Shops:
D:2 (

Annotations:
D:3 1 transporter, NinjaNoafa's ghost, amateur MfSu


Innate Abilities, Weirdness & Mutations

You have large cloven feet.
You regenerate magic rapidly.
Your mind is acute. (Int +4, Str/Dex -1)


Message History

NinjaNoafa's ghost says, "You must not succeed where I failed!"
The orc attacks as you move away! The orc hits you but does no damage.
The crimson imp blinks!
The hobgoblin closely misses you.
You hit the hobgoblin. You burn the hobgoblin. Your kick misses the hobgoblin.
The hobgoblin is moderately wounded.
The ball python bites you but does no damage.
The ball python grabs you. The ball python constricts you.
You block the hobgoblin's attack. The orc closely misses you.
The ball python's grasp on you weakens, but your attempt to escape fails.
The ball python bites you but does no damage.
The ball python constricts you.
The hobgoblin hits you but does no damage.
The orc hits you with a +0 mace. You block the ball python's attack.
The ball python constricts you.
You hit the orc. You burn the orc.
You kill the orc!
The hobgoblin hits you.
The ball python bites you but does no damage.
The ball python constricts you. The river rat bites you!
You hit the river rat but do no damage.
The hobgoblin hits you but does no damage.
The ball python bites you but does no damage.
The ball python constricts you.
The river rat bites you but does no damage.
The hobgoblin barely misses you.
The ball python bites you but does no damage.
The ball python constricts you.
You closely miss the river rat. The river rat bites you.
The ball python bites you but does no damage.
The ball python constricts you. The hobgoblin hits you.
* * * LOW HITPOINT WARNING * * *
You escape the ball python's grasp.
The river rat attacks as you move away!
The river rat bites you but does no damage.
The hobgoblin attacks as you move away! The hobgoblin hits you.
* * * LOW HITPOINT WARNING * * *
You hit NinjaNoafa's ghost. You burn NinjaNoafa's ghost.
NinjaNoafa's ghost is moderately damaged.
The crimson imp blinks!
You block the river rat's attack. NinjaNoafa's ghost hits you!
You die...

...# ...# ...####
################ ......
...............## #. .....
#.................. ...
#...#########...#.# #.#
#..##..S@W.©##..#.# #)#
#..#8..#r#g.8#....#### #.#
#..#..#.rr#§.#........ ##'##
##.)#...g.....#....# #.†.##
#..©#)...©....#©...# #
.....###...#$........#...##.#
...........#..#...#..#..##..#
.......##..#85.#.#..8#......##
.......'...##.......##........


You could see NinjaNoafa's ghost, a crimson imp (summoned), 2 river rats, a
quokka (summoned), 2 hobgoblins and a ball python.

Vanquished Creatures
  Terence (D:3)
  An adder (D:2)
  2 worms (D:2)
  A dart slug (D:2)
  An orc (D:3)
  4 ball pythons
  2 bats
  4 endoplasms
  2 giant cockroaches (D:1)
  A goblin (D:1)
  4 hobgoblins (D:2)
  2 quokkas
  3 frilled lizards
  3 kobolds
  2 rats
33 creatures vanquished.

Notes
Turn   | Place    | Note
-------+----------+-------------------------------------------
     0 | D:1      | Pimp the Demonspawn Fighter began the quest for the Orb.
     0 | D:1      | Reached XP level 1. HP: 18/18 MP: 1/1
    62 | D:1      | Gained mutation: You regenerate magic rapidly. [demonic
                  | ancestry]
    62 | D:1      | Reached XP level 2. HP: 20/24 MP: 2/2
   136 | D:1      | You fall into a shaft and drop 1 floor!
   328 | D:2      | Found a faded altar of an unknown god.
   594 | D:2      | Found Pofrion's Antique Weapon Shoppe.
   619 | D:2      | Gained mutation: You have large cloven feet. [demonic
                  | ancestry]
   619 | D:2      | Reached XP level 3. HP: 15/29 MP: 3/3
  1331 | D:3      | Noticed NinjaNoafa's ghost (amateur MfSu)
  1349 | D:3      | Noticed Terence
  1358 | D:3      | Gained mutation: Your mind is acute. (Int +4, Str/Dex -1)
                  | [potion of mutation]
  1362 | D:3      | Killed Terence
  1364 | D:3      | Reached XP level 4. HP: 8/35 MP: 4/4
  1629 | D:3      | Found a transporter.
  1638 | D:3      | Found a transporter.
  1655 | D:3      | Slain by NinjaNoafa's ghost

Illustrated notes

Levels and vault maps discovered:
D:1:      lightli_arrival_maybe_door_vault, layout_basic
D:2:      layout_loops_corners, serial_shops, shop,
          chequers_ecumenical_altar_lobes
D:3:      layout_loops_corners, nzn_wu_jian_council_hall, gammafunk_ghost_arena,
          chequers_serial_rivers_micro_b, uniq_sigmund, uniq_terence

Skill      XL: |  1  2  3 |
---------------+----------+-----
Long Blades    | 2 |  2.8
Armour         | 3 |  3.3
Shields        | 3 |  3.0
Fighting       | |  3.2
Dodging        | |  0.5

Action                     |  1- 3 |  4- 6 || total
---------------------------+-------+-------++-------
  Melee: Long sword        |    92 |    18 ||   110
         Kick              |    10 |     2 ||    12
    Use: Potion            |     3 |       ||     3
         Scroll            |       |     3 ||     3
 Armour: Scale mail        |    49 |    18 ||    67
  Dodge: Dodged            |    41 |     9 ||    50
  Block: Buckler           |    26 |     9 ||    35

Table legend: (Time is in decaauts)
 A = Elapsed time spent in this place.
 B = Non-inter-level travel time spent in this place.
 C = Inter-level travel time spent in this place.
 D = Time resting spent in this place.
 E = Time spent auto-exploring this place.
 F = Levels seen in this place.
 G = Mean time per level.
                   A        B        C        D        E       F      G
               +--------+--------+--------+--------+--------+-----+--------+
         Total |   1669 |   1669 |      0 |    301 |   1045 |   3 |  556.3 |
       Dungeon |   1669 |   1669 |      0 |    301 |   1045 |   3 |  556.3 |
               +--------+--------+--------+--------+--------+-----+--------+

Top non-repeatable levels by time:
     D:2: 1210 daAuts
     D:3: 314 daAuts
     D:1: 145 daAuts
